 Dungeon Sprint DCSS version 0.28.0-45-g0d030f2227 (webtiles) character file.

Game seed: 4242528864527165929

1397 McKennaii the Protected (level 8, -4/88 HPs)
             Began as a Demigod Fighter on Apr 18, 2022.
             Slain by a flying skull (7 damage)
             ... in the Dungeon (Sprint II: "The Violet Keep of Menkaure").
             The game lasted 00:02:38 (1422 turns).

McKennaii the Protected (Demigod Fighter)           Turns: 1422, Time: 00:02:38

Health: -4/88      AC:  8    Str: 21    XL:     8   Next: 18%
Magic:  10/10      EV:  9    Int: 10    God:
Gold:   972        SH:  4    Dex: 13    Spells: 7/7 levels left

rFire   . . .      SeeInvis .   a - +0 trident
rCold   . . .      Faith    .   c - +0 buckler
rNeg    . . .      Spirit   .   b - +0 scale mail
rPois   .          Reflect  .   (no helmet)
rElec   .          Harm     .   (no cloak)
rCorr   .          Rampage  .   (no gloves)
Will    .....      Rage     1%  (no boots)
Stlth   .......... NoTele   +   (no amulet)
HPRegen 0.00/turn               (no ring)
MPRegen 0.12/turn               (no ring)

@: inhibited regen, unable to read
A: high MP 1, forlorn, divine attributes, berserk 1, robust 1, inhibited
regeneration, weak 2, inability to read while threatened
a: no special abilities


You were in the Dungeon.
You visited 1 branch You collected 972 gold pieces.

Inventory:

Hand Weapons
 a - a +0 trident (weapon)
Armour
 b - a +0 scale mail (worn)
 c - a +0 buckler (worn)
Scrolls
 j - a scroll of blinking
Potions
 d - a potion of might
 e - a potion of curing
 g - a potion of haste
 h - 2 potions of magic


   Skills:
 + Level 10.4 Fighting
 + Level 10.2 Polearms
 + Level 10.4 Armour
 - Level 2.6 Shields


You had 7 spell levels left.
You didn't know any spells.
Your spell library was empty.

Dungeon Overview and Level Annotations

Branches:
Dungeon (1/1)

Shops:
D [

Annotations:
D exclusion: orange crystal statue


Innate Abilities, Weirdness & Mutations

You have an increased reservoir of magic. (+10% MP)
You shall have no god before yourself.
Your divine heritage dramatically boosts your attributes as you level up.
You tend to lose your temper in combat.
You are robust. (+10% HP)
You do not regenerate when monsters are visible.
You are very weak. (Str -4)
You sometimes lose the ability to read scrolls when taking damage.


Message History

You hit the flying skull but do no damage.
The flying skull hits you!
You feel threatened and lose the ability to read scrolls!
* * * LOW HITPOINT WARNING * * *
You block the flying skull's attack.
You hit the flying skull but do no damage.
The flying skull hits you.
* * * LOW HITPOINT WARNING * * *
You miss the flying skull.
The flying skull hits you but does no damage.
You hit the flying skull but do no damage.
You block the flying skull's attack. The flying skull hits you.
* * * LOW HITPOINT WARNING * * *
You feel much better.
The flying skull hits you but does no damage.
You puncture the flying skull!
The flying skull is heavily damaged.
The flying skull hits you.
* * * LOW HITPOINT WARNING * * *
You hit the flying skull.
The flying skull is severely damaged.
The flying skull hits you!
* * * LOW HITPOINT WARNING * * *
The flying skull hits you.
* * * LOW HITPOINT WARNING * * *
You closely miss the flying skull.
The flying skull is severely damaged.
The flying skull hits you.
* * * LOW HITPOINT WARNING * * *
You hit the flying skull.
The flying skull is severely damaged.
The flying skull barely misses you.
You miss the flying skull.
The flying skull is severely damaged.
The flying skull hits you.
* * * LOW HITPOINT WARNING * * *
You hit the flying skull but do no damage.
The flying skull is severely damaged.
The flying skull hits you!
You die...

#'§'# .§§ ##'# ##.# ##
#### #.###.# ..#
####.#.### ..##
##.###+###.##..#
#..###.###..#..#
+≈+##.+.<@z##.'..###
.∩#≈#..###.##.#.#....#
▓▓###≈##.
##+###.##......≈≈
#####
####.#.####≈≈.....≈#
#..##.# ≈≈z§≈≈..≈#
##..###≈≈≈≈§≈≈≈.≈#
##+# ≈z≈≈§§≈≈≈≈≈#
≈≈○°○≈≈≈≈≈≈§≈≈#
#§§○#§≈≈≈≈≈≈≈≈#


You could see a flying skull.

Vanquished Creatures
  3 flying skulls (D)
  A wyvern (D)
  4 neqoxecs (D)
  A water moccasin (D)
  4 scorpions (D)
  3 worms (D)
16 creatures vanquished.

Vanquished Creatures (others)
  A wyvern (D)
  A water moccasin (D)
2 creatures vanquished.

Grand Total: 18 creatures vanquished

Notes
Turn   | Place    | Note
-------+----------+-------------------------------------------
     0 | D        | McKennaii the Demigod Fighter began the quest for the Orb.
     0 | D        | Reached XP level 1. HP: 18/18 MP: 3/3
     1 | D        | Noticed a wyvern
     1 | D        | Noticed a wyvern
     5 | D        | Noticed a scorpion
     5 | D        | Noticed a scorpion
    10 | D        | Killed a scorpion
    11 | D        | Reached XP level 2. HP: 13/28 MP: 4/4
    11 | D        | Reached XP level 3. HP: 17/35 MP: 5/5
    17 | D        | Killed a scorpion
    18 | D        | Reached skill level 5 in Fighting
    18 | D        | Reached skill level 5 in Polearms
    18 | D        | Reached skill level 5 in Armour
    18 | D        | Reached XP level 4. HP: 14/42 MP: 6/6
   270 | D        | Reached XP level 5. HP: 41/51 MP: 7/7
   468 | D        | Noticed a neqoxec
   468 | D        | Noticed a neqoxec
   472 | D        | Gained mutation: You are weak. (Str -2) [a neqoxec]
   478 | D        | Gained mutation: You do not regenerate when monsters are
                  | visible. [a neqoxec]
   483 | D        | Gained mutation: You tend to lose your temper in combat. [a
                  | neqoxec]
   488 | D        | Gained mutation: You are robust. (+10% HP) [a neqoxec]
   489 | D        | Killed a neqoxec
   490 | D        | Reached XP level 6. HP: 23/67 MP: 8/8
   499 | D        | Killed a neqoxec
   781 | D        | Noticed a neqoxec
   781 | D        | Gained mutation: You are very weak. (Str -4) [a neqoxec]
   791 | D        | Killed a wyvern
   793 | D        | Gained mutation: You sometimes lose the ability to read
                  | scrolls when taking damage. [a neqoxec]
   798 | D        | Killed a neqoxec
   799 | D        | Reached XP level 7. HP: 65/75 MP: 9/9
   810 | D        | Found Yceclub's Antique Armour Shop.
   829 | D        | Killed a wyvern
   910 | D        | Noticed a neqoxec
   928 | D        | Killed a neqoxec
   932 | D        | Noticed an orange crystal statue
   954 | D        | Noticed a flying skull
   954 | D        | Noticed a flying skull
   954 | D        | Noticed a flying skull
   954 | D        | Noticed a flying skull
   954 | D        | Noticed a flying skull
   954 | D        | Noticed a flying skull
   954 | D        | Noticed a flying skull
   954 | D        | Noticed a flying skull
   966 | D        | Noticed a flying skull
   975 | D        | Killed a flying skull
  1066 | D        | Noticed a flying skull
  1079 | D        | Killed a flying skull
  1080 | D        | Reached skill level 10 in Fighting
  1080 | D        | Reached skill level 10 in Armour
  1134 | D        | Reached XP level 8. HP: 40/86 MP: 10/10
  1406 | D        | Reached skill level 10 in Polearms
  1419 | D        | HP: 4/88 [flying skull (5)]
  1422 | D        | Slain by a flying skull

Illustrated notes

Levels and vault maps discovered:
D:        the_violet_keep_of_menkaure [sprint2_stairs_cluster_1,
          sprint2_shoproom, sprint2_temple, sprint2_basic_supplies,
          sprint2_obstacle_1, sprint2_obstacle_5, sprint2_obstacle_4,
          sprint2_obstacle_7, sprint2_obstacle_6, sprint2_timed_cluster_1,
          sprint2_smallroom_cluster_1, sprint2_smallroom_final_cluster_1,
          sprint2_transparent_cluster_1, sprint2_second_timed_cluster_1,
          sprint2_sniper_area_1, sprint2_heavy_combat_area_1,
          sprint2_mutation_trap_area_1, sprint2_forest_area_1,
          sprint2_light_combat_area_1, sprint2_behind_water_1,
          sprint2_near_end_vault_1]

Skill      XL: |  1  2  3  4  5  6  7  8 |
---------------+-------------------------+-----
Fighting       | 4 5 6 7 8 10 | 10.4
Polearms       | 4 5 7 8 9 10 | 10.2
Armour         | 4 5 6 7 8 10 | 10.4
Shields        | |  2.6

Action                   |  1- 3 |  4- 6 |  7- 9 || total
-------------------------+-------+-------+-------++-------
Melee: Trident           |    11 |    75 |    81 ||   167
  Use: Potion            |     1 |       |     1 ||     2
Armor: Scale mail        |     3 |    14 |    19 ||    36
Dodge: Dodged            |     2 |    12 |    27 ||    41
Block: Buckler           |     1 |     9 |    12 ||    22
